 Dungeon Crawl Stone Soup version 0.24.0-13-gcf9b3192b9 (console) character file.

Game seed: 9568806745126989572, levelgen mode: deterministic

5639 Kagalorn the Nimble (level 10, -8/79 HPs)
             Began as a Gnoll Gladiator on Nov 5, 2019.
             Was a Believer of Cheibriados.
             Killed from afar by a gargoyle (27 damage)
             ... with a stone arrow
             ... on level 8 of the Dungeon.
             The game lasted 00:31:39 (9829 turns).

Kagalorn the Nimble (Gnoll Gladiator)               Turns: 9829, Time: 00:31:39

Health: -8/79      AC: 15    Str: 26    XL:     10   Next: 74%
Magic:  18/18      EV: 15    Int: 19    God:    Cheibriados [**....]
Gold:   679        SH:  0    Dex: 24    Spells: 19/19 levels left

rFire    . . .     SeeInvis .   Q - +4 spear (freeze)
rCold    . . .     Gourm    .   (no shield)
rNeg     . . .     Faith    .   H - +0 chain mail
rPois    .         Spirit   .   v - +2 hat
rElec    .         Reflect  .   l - +0 cloak
rCorr    .         Harm     .   z - +0 pair of gloves {Dex+3}
MR       .....                  y - +0 pair of boots
Stlth    +.........             (no amulet)
HPRegen  0.23/turn              T - ring of wizardry
MPRegen  0.16/turn              r - +4 ring of strength

@: very slow
A: distributed training, fangs 1, strong nose
a: Bend Time, Renounce Religion


You were on level 8 of the Dungeon.
You worshipped Cheibriados.
Cheibriados was pleased with you.
You were very hungry.

You visited 2 branches of the dungeon, and saw 9 of its levels.
You also visited: Sewer, Ossuary and Bailey.

You collected 679 gold pieces.

Inventory:

Hand Weapons
 a - a +2 hand axe of electrocution
 b - a +0 hunting sling
 J - a +0 war axe
 Q - a +4 spear of freezing (weapon)
 V - a +2 hand axe of flaming
Missiles
 d - 19 poisoned darts
 g - 127 stones
 h - 83 bolts
 j - 107 arrows
 o - a throwing net (quivered)
 p - 20 sling bullets
Armour
 c - a +0 helmet
 l - a +0 cloak (worn)
 v - a +2 hat (worn)
 y - a +0 pair of boots (worn)
 z - a +0 pair of gloves of dexterity (worn)
 H - a +0 chain mail (worn)
 N - a +2 robe of magic resistance
Jewellery
 m - an uncursed ring of flight
 r - a +4 ring of strength (right hand)
 G - an uncursed ring of fire
 L - an uncursed ring of wizardry
 T - a ring of wizardry (left hand)
Wands
 n - a wand of flame (58)
 s - a wand of digging (5)
Scrolls
 e - 11 scrolls of remove curse
 i - 5 scrolls of teleportation {unknown}
 q - a scroll of enchant armour {unknown}
 t - a scroll of noise {unknown}
 u - 2 scrolls of magic mapping {unknown}
 w - 3 scrolls of amnesia {unknown}
 E - 2 scrolls of random uselessness {unknown}
 M - 3 scrolls of fear {unknown}
 Y - a scroll of acquirement {unknown}
Potions
 k - 3 potions of mutation
 x - a potion of ambrosia
 A - 5 potions of curing
 B - 7 potions of heal wounds
 D - a potion of flight
 K - 2 potions of agility
 P - a potion of might
 R - a potion of cancellation
 S - a potion of invisibility
 U - 5 potions of magic
Comestibles
 f - 12 rations


   Skills:
 + Level 7.2 Fighting
 + Level 5.4 Short Blades
 + Level 5.4 Long Blades
 + Level 8.6 Axes
 + Level 5.4 Maces & Flails
 + Level 5.4 Polearms
 + Level 5.4 Staves
 + Level 5.4 Slings
 + Level 5.4 Bows
 + Level 5.4 Crossbows
 + Level 7.2 Throwing
 + Level 5.4 Armour
 + Level 8.6 Dodging
 + Level 5.4 Stealth
 + Level 5.4 Shields
 + Level 5.4 Unarmed Combat
 + Level 5.4 Spellcasting
 + Level 4.5 Conjurations
 + Level 4.5 Hexes
 + Level 4.5 Charms
 + Level 4.5 Summonings
 + Level 4.5 Necromancy
 + Level 4.5 Translocations
 + Level 4.5 Transmutations
 + Level 4.5 Fire Magic
 + Level 4.5 Ice Magic
 + Level 4.5 Air Magic
 + Level 4.5 Earth Magic
 + Level 4.5 Poison Magic
 + Level 6.0 Invocations
 + Level 5.4 Evocations


You had 19 spell levels left.
You didn't know any spells.
Your spell library contained the following spells:

 Spells                   Type           Power        Failure   Level  Hunger
 Animate Skeleton         Necr           N/A          4%          1    None
 Apportation              Tloc           ###...       4%          1    None
 Confusing Touch          Hex            ###...       4%          1    None
 Summon Small Mammal      Summ           ###.         4%          1    None


Dungeon Overview and Level Annotations

Branches:
Dungeon (8/15)             Temple (1/1) D:7           Sewer (visited)
Ossuary (visited)          Bailey (visited)
   Lair: D:8-11

Altars:
Ashenzari
Cheibriados
Elyvilon
Fedhas
Gozag
Hepliaklqana
Kikubaaqudgha
Makhleb
Nemelex Xobeh
Okawaru
Qazlal
Ru
Sif Muna
Trog
Uskayaw
Vehumet
Wu Jian
Xom
Yredelemnul
Zin
The Shining One

Annotations:
D:8 1 runed translucent door, hofbold's ghost, novice MfSu


Innate Abilities, Weirdness & Mutations

Your experience applies equally to all skills.
You have very sharp teeth.
Your uncanny sense of smell can sniff out nearby items.


Message History

The gargoyle hits you with a +0 flail.
You hit the gargoyle but do no damage.
The gargoyle is almost destroyed.
The gargoyle hurls a stone arrow at you.
The stone arrow hits you!!
You hit the gargoyle. You freeze the gargoyle. Your bite misses the gargoyle.
The gargoyle is almost destroyed.
The gargoyle hits you with a +0 flail.
You hit the gargoyle but do no damage.
The gargoyle is almost destroyed.
You hit the gargoyle but do no damage. Your bite misses the gargoyle.
The gargoyle is almost destroyed.
The gargoyle hurls a stone arrow at you.
The stone arrow hits you!!
* * * LOW HITPOINT WARNING * * *
Your chain mail prevents you from hitting the gargoyle.
The gargoyle is almost destroyed.
The gargoyle hurls a stone arrow at you.
The stone arrow hits you!!
You die...

#...)......#.........# ##.#.###
#..........#.#############.......
..>..###.........######....<.....
.....#...##...##.........##.##.##
.......###8...8###..##......##...
.......#[##...##8#...............
......###).....'###.......####.##
......#.#.......#9#......####..#
###...##).......@##........#..##
#.#.##....8....##.....##...##
###.#.##'.......+##.###..##..#
..[..^#8#.......# #.##.......##
......###).....+###....#####..#
.......#[##+.+##∆#..#### #..#
.......### ###∆###.## ####..#
.........#######....#####.>..###
....#..........................#


You could see a gargoyle.

Vanquished Creatures
  An orc knight (Bailey)
  Pikel (D:6)
  3 gargoyles (D:8)
  A wyvern (D:4)
  A water moccasin (D:6)
  An orc warrior (D:6)
  A phantom (D:7)
  2 ice beasts
  An ogre (D:4)
  3 sky beasts
  A black bear (D:8)
  A crocodile (Sewer)
  2 elf zombies (Ossuary)
  4 bullfrogs
  2 scorpions (D:5)
  5 killer bees (D:7)
  7 wights
  3 crimson imps
  A centaur zombie (Ossuary)
  2 human zombies (Ossuary)
  A gnoll shaman (D:5)
  4 hounds
  2 jellies
  4 orc priests
  9 orc wizards
  2 centaur skeletons
  4 iguanas
  7 worker ants
  A killer bee zombie (D:6)
  A big kobold zombie (Ossuary)
  A hound zombie (Ossuary)
  A hound skeleton (D:7)
  A howler monkey skeleton (D:4)
  3 mummies (Ossuary)
  9 adders
  28 gnolls
  A shadow imp (D:7)
  5 oozes
  4 adder zombies (Ossuary)
  An adder skeleton (D:7)
  4 worms
  A dart slug (D:1)
  7 leopard geckos
  32 orcs
  10 giant cockroaches
  2 gnoll zombies (Ossuary)
  9 goblins
  22 hobgoblins
  4 jackals (D:1)
  6 quokkas
  4 ball pythons
  A ball python skeleton (D:4)
  13 bats
  5 frilled lizards
  4 goblin zombies (Ossuary)
  4 hobgoblin zombies (Ossuary)
  7 jackal zombies
  15 kobolds
  2 kobold zombies (Ossuary)
  A leopard gecko zombie (D:7)
  3 quokka zombies (Ossuary)
  9 rats
  5 rat zombies
302 creatures vanquished.

Vanquished Creatures (others)
  An ice beast (D:6)
  An orc wizard (D:4)
  A plant (D:4)
3 creatures vanquished.

Grand Total: 305 creatures vanquished

Notes
Turn   | Place    | Note
-------+----------+-------------------------------------------
     0 | D:1      | Kagalorn the Gnoll Gladiator began the quest for the Orb.
     0 | D:1      | Reached XP level 1. HP: 20/20 MP: 1/1
    96 | D:1      | Reached XP level 2. HP: 20/26 MP: 2/2
   299 | D:1      | Reached XP level 3. HP: 28/31 MP: 3/3
   492 | D:1      | Reached skill level 1 in Invocations
   927 | D:2      | Reached skill level 1 in Short Blades
   927 | D:2      | Reached skill level 1 in Long Blades
   927 | D:2      | Reached skill level 1 in Maces & Flails
   927 | D:2      | Reached skill level 1 in Polearms
   927 | D:2      | Reached skill level 1 in Staves
   927 | D:2      | Reached skill level 1 in Slings
   927 | D:2      | Reached skill level 1 in Bows
   927 | D:2      | Reached skill level 1 in Crossbows
   927 | D:2      | Reached skill level 1 in Armour
   927 | D:2      | Reached skill level 1 in Stealth
   927 | D:2      | Reached skill level 1 in Shields
   927 | D:2      | Reached skill level 1 in Unarmed Combat
   927 | D:2      | Reached skill level 1 in Spellcasting
   927 | D:2      | Reached skill level 1 in Evocations
   944 | D:2      | Reached XP level 4. HP: 33/38 MP: 5/5
  1486 | D:2      | Reached skill level 1 in Conjurations
  1486 | D:2      | Reached skill level 1 in Hexes
  1486 | D:2      | Reached skill level 1 in Charms
  1486 | D:2      | Reached skill level 1 in Summonings
  1486 | D:2      | Reached skill level 1 in Necromancy
  1486 | D:2      | Reached skill level 1 in Translocations
  1486 | D:2      | Reached skill level 1 in Transmutations
  1486 | D:2      | Reached skill level 1 in Fire Magic
  1486 | D:2      | Reached skill level 1 in Ice Magic
  1486 | D:2      | Reached skill level 1 in Air Magic
  1486 | D:2      | Reached skill level 1 in Earth Magic
  1486 | D:2      | Reached skill level 1 in Poison Magic
  1672 | D:2      | Reached XP level 5. HP: 30/43 MP: 6/6
  2027 | D:3      | Found an ornate altar of the Wu Jian Council.
  2826 | D:4      | Reached XP level 6. HP: 38/50 MP: 8/8
  2864 | D:4      | Found a blossoming altar of Fedhas.
  2912 | D:4      | Noticed a wyvern
  2928 | D:4      | Killed a wyvern
  2928 | D:4      | Reached skill level 5 in Fighting
  2928 | D:4      | Reached skill level 5 in Throwing
  2928 | D:4      | Reached XP level 7. HP: 8/56 MP: 8/10
  3071 | D:4      | Found a sand-covered staircase.
  3287 | Ossuary  | Entered an ossuary
  4012 | D:4      | Reached XP level 8. HP: 51/63 MP: 12/12
  4193 | D:4      | Found a shimmering blue altar of Sif Muna.
  4193 | D:4      | Found a radiant altar of Vehumet.
  4194 | D:4      | Found an iron altar of Okawaru.
  4272 | D:5      | Entered Level 5 of the Dungeon
  5176 | D:6      | Reached XP level 9. HP: 61/69 MP: 14/14
  5201 | D:6      | Noticed Pikel
  5256 | D:6      | Killed Pikel
  5565 | D:6      | Found a glowing drain.
  5584 | Sewer    | Entered a sewer
  6237 | D:7      | Found a staircase to the Ecumenical Temple.
  6250 | D:7      | Reached skill level 5 in Invocations
  6793 | D:7      | Reached XP level 10. HP: 39/77 MP: 17/17
  6808 | Temple   | Entered the Ecumenical Temple
  7050 | Temple   | Became a worshipper of Cheibriados the Contemplative
  7353 | D:7      | Reached * piety under Cheibriados
  7384 | D:7      | Found a sacrificial altar of Ru.
  7403 | D:7      | Reached skill level 5 in Short Blades
  7403 | D:7      | Reached skill level 5 in Long Blades
  7403 | D:7      | Reached skill level 5 in Maces & Flails
  7403 | D:7      | Reached skill level 5 in Polearms
  7403 | D:7      | Reached skill level 5 in Staves
  7403 | D:7      | Reached skill level 5 in Slings
  7403 | D:7      | Reached skill level 5 in Bows
  7403 | D:7      | Reached skill level 5 in Crossbows
  7403 | D:7      | Reached skill level 5 in Armour
  7403 | D:7      | Reached skill level 5 in Stealth
  7403 | D:7      | Reached skill level 5 in Shields
  7403 | D:7      | Reached skill level 5 in Unarmed Combat
  7403 | D:7      | Reached skill level 5 in Spellcasting
  7403 | D:7      | Reached skill level 5 in Evocations
  7542 | D:7      | Found a glowing silver altar of Zin.
  7713 | D:8      | Found a runed translucent door.
  7716 | D:8      | Noticed hofbold's ghost (novice MfSu)
  7792 | D:8      | Found a flagged portal.
  7811 | Bailey   | Entered a bailey
  7890 | Bailey   | Noticed an orc knight
  8160 | Bailey   | Reached ** piety under Cheibriados
  8333 | Bailey   | Killed an orc knight
  8918 | D:8      | Noticed a gargoyle
  8932 | D:8      | Killed a gargoyle
  9065 | D:8      | Noticed a gargoyle
  9096 | D:8      | Killed a gargoyle
  9357 | D:8      | Noticed a gargoyle
  9379 | D:8      | Killed a gargoyle
  9650 | D:8      | Found a stormy altar of Qazlal.
  9813 | D:8      | Noticed a gargoyle
  9829 | D:8      | Killed from afar by a gargoyle

Levels and vault maps discovered:
D:1:      dpeg_arrival_subterranean_lakeside_camping, layout_loops_ring
D:2:      layout_loops_corners, first_ration, hangedman_decor_diamond_cutter
D:3:      layout_loops_corners, overflow_temple_1_default
D:4:      layout_rooms, gammafunk_temple_overflow_forgotten, fedhas_altar_3,
          enter_ossuary_3
D:5:      layout_basic, st_stairs_4, minmay_misc_feat_ornament,
          grunt_decor_fettered, minmay_misc_feat_alley, grunt_decor_arrowhead
D:6:      layout_loops_ring, gup_sewer_entry_pipe, uniq_pikel
D:7:      layout_rooms, hangedman_ru_absence, zin_scriptorium,
          minmay_temple_entry_arrows
D:8:      cheibrodos_statue_roulette, layout_rooms,
          nicolae_qazlal_general_emergency, enter_bailey_2,
          ebering_ghost_inner_flame
Temple:   oiseaux_autumnal_temple

Skill      XL: |  1  2  3  4  5  6  7  8  9 10 |
---------------+-------------------------------+-----
Invocations    | 1 2 3 4 5 6 |  6.0
Short Blades   | 1 2 3 4 5 |  5.4
Long Blades    | 1 2 3 4 5 |  5.4
Maces & Flails | 1 2 3 4 5 |  5.4
Polearms       | 1 2 3 4 5 |  5.4
Staves         | 1 2 3 4 5 |  5.4
Slings         | 1 2 3 4 5 |  5.4
Bows           | 1 2 3 4 5 |  5.4
Crossbows      | 1 2 3 4 5 |  5.4
Armour         | 1 2 3 4 5 |  5.4
Stealth        | 1 2 3 4 5 |  5.4
Shields        | 1 2 3 4 5 |  5.4
Unarmed Combat | 1 2 3 4 5 |  5.4
Spellcasting   | 1 2 3 4 5 |  5.4
Evocations     | 1 2 3 4 5 |  5.4
Conjurations   | 1 2 3 4 |  4.5
Hexes          | 1 2 3 4 |  4.5
Charms         | 1 2 3 4 |  4.5
Summonings     | 1 2 3 4 |  4.5
Necromancy     | 1 2 3 4 |  4.5
Translocations | 1 2 3 4 |  4.5
Transmutations | 1 2 3 4 |  4.5
Fire Magic     | 1 2 3 4 |  4.5
Ice Magic      | 1 2 3 4 |  4.5
Air Magic      | 1 2 3 4 |  4.5
Earth Magic    | 1 2 3 4 |  4.5
Poison Magic   | 1 2 3 4 |  4.5
Fighting       | 5 6 7 |  7.2
Throwing       | 5 6 7 |  7.2
Axes           | 7 8 |  8.6
Dodging        | 7 8 |  8.6

Action                   |  1- 3 |  4- 6 |  7- 9 | 10-12 || total
-------------------------+-------+-------+-------+-------++-------
Melee: War axe           |   102 |   145 |   251 |       ||   498
       Bite              |     9 |    12 |    65 |    56 ||   142
       Punch             |       |       |    11 |     8 ||    19
       Hand axe          |       |       |   284 |   187 ||   471
       Spear             |       |       |       |    82 ||    82
Throw: Throwing net      |       |     3 |       |       ||     3
  Use: Scroll            |       |       |       |    11 ||    11
       Potion            |       |       |       |     3 ||     3
 Stab: Sleeping          |     2 |       |       |       ||     2
       Held in net/web   |       |     1 |       |       ||     1
  Eat: Chunk             |       |     7 |     9 |     5 ||    21
       Ration            |       |       |     1 |       ||     1
Armor: Leather armour    |    17 |       |       |       ||    17
       Scale mail        |       |    53 |    64 |       ||   117
       Chain mail        |       |       |   197 |    90 ||   287
Dodge: Dodged            |   101 |   113 |   303 |   188 ||   705
